 Dungeon Crawl Stone Soup version 0.29.0-15-g675c0067aa (webtiles) character file.

Game seed: 17804395499581500172

35 freelancePsychic the Chiller (level 3, -6/28 HPs)
             Began as a Meteoran Ice Elementalist on Sept 11, 2022.
             Killed by divine providence
             ... invoked by an orc priest
              (16 damage)
             ... on level 4 of the Dungeon.
             The game lasted 00:03:44 (541 turns).

freelancePsychic the Chiller (MeIE)                  Turns: 541, Time: 00:03:45

Health: -6/28      AC:  8    Str:  9    XL:     3   Next: 79%
Magic:  8/8        EV: 12    Int: 18    God:
Gold:   124        SH:  0    Dex: 15    Spells: 1/8 levels left

rFire   + . .      SeeInvis .   i - +0 dagger (elec)
rCold   + . .      Faith    .   (no shield)
rNeg    . . .      Spirit   .   a - +0 robe
rPois   +          Reflect  .   c - +0 helmet
rElec   +          Harm     .   (no cloak)
rCorr   +          Rampage  .   (no gloves)
Will    .....                   e - +0 pair of boots
Stlth   +.........              (no amulet)
HPRegen 0.09/turn               j - +4 ring of protection
MPRegen 0.11/turn               (no ring)

@: confused, resistant, ambrosia-drunk, freezing walls, glowing
A: sense surroundings 1, otherworldly, glowing, explore regen
a: no special abilities


You were on level 4 of the Dungeon.
You visited 1 branch of the dungeon, and saw 4 of its levels.

You collected 124 gold pieces.

Inventory:

Hand Weapons
 i - a +0 dagger of electrocution (weapon)
 k - a +0 long sword
Armour
 a - a +0 robe (worn)
 c - a +0 helmet (worn)
 e - a +0 pair of boots (worn)
Jewellery
 j - a +4 ring of protection (left hand)
Scrolls
 g - a scroll of immolation
 n - a scroll of fear
Potions
 b - 2 potions of magic
 d - a potion of resistance
 f - 2 potions of flight
 m - a potion of berserk rage {unknown}


   Skills:
 + Level 1.4 Fighting
 - Level 2.4 Dodging
 - Level 1.4 Stealth
 - Level 3.0 Spellcasting
 * Level 5.1 Ice Magic


You had one spell level left.
You knew the following spells:

 Your Spells              Type           Power      Damage    Failure   Level
a - Freeze                Ice            84%        1d10      1%          1
b - Frozen Ramparts       Ice            42%        1d7       6%          3
c - Ozocubu's Armour      Ice            21%        N/A       6%          3

Your spell library contained the following spells:

 Spells                   Type           Power      Damage    Failure   Level
 Hailstorm                Conj/Ice       12%        3d5       50%         4


Dungeon Overview and Level Annotations

Branches:
Dungeon (4/15) Zot: 1859
 Temple: D:4-7

Altars:
Hepliaklqana
The Shining One

Annotations:
D:4 3 runed translucent doors, TheItachi's ghost, amateur DEAE


Innate Abilities, Weirdness & Mutations

You passively map a small area around you.
You are easily found by Zot.
You glow in the dark.
You regain HP and MP as you explore.


Message History

There is an open door here.
You hit the ball python.
Lightning courses through the ball python!!
You kill the ball python!
Found a glowing orb.
An orc priest comes into view. It is wielding a +0 dagger.
The orc priest shouts!
You hear a shout!
An orc comes into view. It is wielding a +0 whip.
The orc shouts!
An orc comes into view. It is wielding a +0 broad axe.
An orc priest comes into view. It is wielding a +0 short sword.
Found a flail.
The orc shouts!
The orc priest begins to cast a cantrip, but forgets the words!
Casting: Freeze (safe; 1% risk of failure)
Confirm with . or Enter, or press ? or * to list all spells.
The spell is quite dangerous to miscast (6% risk of failure)!
Continue anyway?
Okay, then.
The orc priest invokes the aid of Beogh against you.
Beogh smites you!
The orc priest mumbles some strange prayers to Beogh against you.
Beogh smites you!
* * * LOW HITPOINT WARNING * * *
Casting: Frozen Ramparts (quite dangerous; 6% risk of failure)
Confirm with . or Enter, or press ? or * to list all spells.
The spell is quite dangerous to miscast (6% risk of failure)!
Continue anyway?
Casting: Frozen Ramparts (quite dangerous; 6% risk of failure)
Press: ? - help, Dir - look around, f - activate The walls around you are covered in ice.
The orc priest calls down the wrath of Beogh upon you.
You barely resist.
It was a potion of resistance.
You feel protected.
It was a potion of ambrosia.
You are confused.
You feel invigorated.
The wall freezes the orc priest.
The orc priest calls down the wrath of Beogh upon you.
Beogh smites you!
Ouch! That really hurt!
You die...

#........................
,
#........................
#........................
+........................
#....[...................
)........................
* ,
......o......###'#.......
, ,
....o.oo.....+..†#...P...
,
.#######@....#...#...P...
, #######...#.†.P... , ,
,, ....#...P... , * ,,
+....#......#
,#....#......' ,, * , ,
#....#...≈..# , ,
,+...≈..# , ,, , #...≈..#
########## , ####...≈..#


You could see 2 orc priests and 2 orcs.

Vanquished Creatures
  An adder (D:4)
  3 orcs
  4 ball pythons
  2 giant cockroaches
  3 goblins
  A hobgoblin (D:1)
  A kobold (D:2)
  A quokka (D:3)
  3 bats (D:3)
  2 frilled lizards
  2 rats (D:3)
23 creatures vanquished.

Notes
Turn   | Place    | Note
-------+----------+-------------------------------------------
     0 | D:1      | freelancePsychic the Meteoran Ice Elementalist began the
                  | quest for the Orb.
     0 | D:1      | Reached XP level 1. HP: 14/14 MP: 5/5
   111 | D:2      | Reached XP level 2. HP: 15/22 MP: 2/6
   218 | D:3      | Found a hazy altar of Hepliaklqana.
   246 | D:3      | Reached skill level 1 in Fighting
   359 | D:3      | Reached XP level 3. HP: 24/28 MP: 5/8
   363 | D:3      | Learned a level 3 spell: Frozen Ramparts
   367 | D:3      | Learned a level 3 spell: Ozocubu's Armour
   382 | D:4      | Found a runed translucent gate.
   382 | D:4      | Found a runed translucent gate.
   382 | D:4      | Found a runed translucent gate.
   393 | D:4      | Noticed an ice beast
   404 | D:4      | Noticed TheItachi's ghost (amateur DEAE)
   453 | D:4      | Reached skill level 5 in Ice Magic
   489 | D:4      | Found a glowing golden altar of the Shining One.
   541 | D:4      | Killed from afar by an orc priest

Illustrated notes

Levels and vault maps discovered:
D:1:      dpeg_arrival_water_temple_mockup, layout_basic,
          hellmonk_ecumenical_altar_pennies_from_heaven, minmay_misc_feat_cross
D:2:      minmay_chambers_of_twos, layout_basic
D:3:      layout_rooms, mainiacjoe_overflow_concentric_impassable,
          dreamdust_wishing_well, roderic_lattice_a, uniq_terence
D:4:      layout_gridville, mainiacjoe_overflow_boulevard, gammafunk_ghost_icy,
          chequers_serial_rivers_large_a

Skill      XL: |  1  2  3 |
---------------+----------+-----
Spellcasting   | 3 |  3.0
Fighting       | 1 |  1.4
Ice Magic      | 5 |  5.1
Dodging        | |  2.4
Stealth        | |  1.4

Action                   || total
-------------------------++-------
Melee: Dagger            ||     8
 Cast: Freeze            ||    21
       Frozen Ramparts   ||     4
  Use: Scroll            ||     6
       Potion            ||     2
Armor: Robe              ||     9
Dodge: Dodged            ||    12
